 Dungeon Crawl Stone Soup version 0.29-a0-919-gd064cfad1c (webtiles) character file.

Game seed: 10621974494014330096

361 mcwallace the Chiller (level 6, -7/32 HPs)
             Began as a Vine Stalker Ice Elementalist on July 26, 2022.
             Mangled by an ogre
             ... wielding a +0 giant club
              (14 damage)
             ... on level 4 of the Dungeon.
             The game lasted 00:09:23 (3284 turns).

mcwallace the Chiller (VSIE)                        Turns: 3284, Time: 00:09:23

Health: -7/32      AC:  8    Str: 11    XL:     6   Next: 66%
Magic:  0/12       EV: 13    Int: 17    God:
Gold:   95         SH:  0    Dex: 14    Spells: 5/12 levels left

rFire   . . .      SeeInvis .   k - +2 short sword (holy) {short}
rCold   . . .      Faith    .   (no shield)
rNeg    . . .      Spirit   +   a - +0 robe
rPois   .          Reflect  .   (no helmet)
rElec   .          Harm     .   (no cloak)
rCorr   .          Rampage  .   (no gloves)
Will    .....                   (no boots)
Stlth   ++........              (no amulet)
HPRegen 0.90/turn               (no ring)
MPRegen 0.13/turn               (no ring)

@: ice-armoured, freezing walls
A: fangs 2, regeneration 1, magic shield, antimagic bite, no potion heal 2
a: no special abilities


You were on level 4 of the Dungeon.
You visited 1 branch of the dungeon, and saw 4 of its levels.

You collected 95 gold pieces.


Innate Abilities, Weirdness & Mutations

You have extremely sharp teeth.
Your natural rate of healing is unusually fast.
When hurt, damage is shared between your health and your magic reserves.
Your bite disrupts and absorbs the magic of your enemies.
Potions cannot restore your health.


   Skills:
 + Level 2.6 Fighting
 + Level 2.9 Dodging
 - Level 2.4 Stealth
 + Level 3.7 Spellcasting
 + Level 5.0 Ice Magic
 + Level 1.5 Evocations


You had 5 spell levels left.
You knew the following spells:

 Your Spells              Type           Power      Damage    Failure   Level
a - Freeze                Ice            80%        1d9       1%          1
b - Frozen Ramparts       Ice            40%        1d6       6%          3
c - Ozocubu's Armour      Ice            20%        N/A       6%          3

Your spell library contained the following spells:

 Spells                   Type           Power      Damage    Failure   Level
 Tukima's Dance           Hex            3%         N/A       43%         3
 Hailstorm                Conj/Ice       11%        3d5       50%         4
 Passage of Golubria      Tloc           3%         N/A       85%         4
 Yara's Violent Unravell  Hex/Tmut       1%         3d3       99%         5

Inventory:

Hand Weapons
 d - a +0 club {mace}
   (You took it off a goblin on level 1 of the Dungeon)
 k - a +2 short sword of holy wrath (weapon) {short}
   (You took it off a kobold on level 1 of the Dungeon)
Missiles
 l - 24 stones {throwing}
 E - 4 poisoned darts {throwing}
Armour
 a - a +0 robe (worn)
 j - a +0 robe
   (You found it on level 1 of the Dungeon)
 m - a +0 ring mail
   (You found it on level 1 of the Dungeon)
 u - a +2 leather armour of poison resistance
   (You took it off an orc on level 3 of the Dungeon)
 v - a +0 scale mail
   (You took it off an orc on level 3 of the Dungeon)
 w - a +0 leather armour
   (You took it off an orc on level 3 of the Dungeon)
 x - a +0 scale mail
   (You found it on level 3 of the Dungeon)
 y - a +0 leather armour
   (You took it off Ijyb on level 3 of the Dungeon)
 D - a +0 robe
   (You took it off Sigmund on level 4 of the Dungeon)
Wands
 z - a wand of paralysis (6)
   (You took it off Ijyb on level 3 of the Dungeon)
Scrolls
 c - 6 scrolls of identify {unknown}
 e - a scroll of vulnerability {unknown}
 f - a scroll of poison {unknown}
 g - a scroll of brand weapon {unknown}
 i - a scroll of enchant armour {unknown}
 p - 2 scrolls of noise {unknown}
 B - a scroll of silence {unknown}
Potions
 b - a potion of magic
 h - a potion of brilliance {unknown}
 n - 2 potions of haste {unknown}
 o - 2 potions of lignification {unknown}
 q - a potion of berserk rage {unknown}
 r - a potion of resistance {unknown}
 s - 2 potions of curing {unknown}
 t - a potion of might {unknown}
 A - a potion of ambrosia {unknown}
 C - a potion of flight {unknown}

Dungeon Overview and Level Annotations

Branches:
Dungeon (4/15) Zot: 20697
 Temple: D:4-7

Altars:

Shops:
D:2 *

Annotations:
D:4 Grinder

.........#. ###.#######..#
..>.........# #.#########.#
#.#########.# #
#...........# ##.######
#.###########
#.......######..<....<..##
#..#....O@..........#รท....
#....##.##.###.####.#.###.
......##.##.# #... ...# #.
###.##O##.##.#
#.####.#.###. #. #.##.##.#
#.. ......... # .....##.#
###### #####. ?.#####.# #.
#.# #. #.


You could see an ogre.


Message History

The helpless Sigmund fails to defend himself.
You puncture Sigmund!
You kill Sigmund!
Your Evocations skill increases to level 1!
You have reached level 6! ๐Ÿ˜Ž HP[+6]
You now have 32 max hp (+6).
Your hp is fully restored (32).
Found a stone staircase leading down.
D - a +0 robe You see here a +0 scythe {polearm}.
A scorpion comes into view. ๐Ÿ˜Ž MP[+2]
Your mp is fully restored (12).
The scorpion completely misses you.
Casting: Frozen Ramparts (dangerous; 6% risk of failure)
Confirm with . or Enter, or press ? or * to list all spells.
Casting: Frozen Ramparts (dangerous; 6% risk of failure)
Press: ? - help, Dir - look around, f - activate The walls around you are covered in ice.
The wall freezes the scorpion.
The scorpion stings you.
The wall freezes the scorpion.
The scorpion barely misses you. ๐Ÿ˜• HP[-2] MP[-3]
You take 2 damage, and now have 30/32 hp.
You lost 3 mp, and now have 9/12 mp.
You hit the scorpion but do no damage.
You bite the scorpion, but do no damage.
The wall freezes the scorpion.
The scorpion closely misses you. ๐Ÿ˜• HP[+1]
You hit the scorpion but do no damage.
You bite the scorpion, but do no damage.
The wall freezes the scorpion.
The scorpion stings you. ๐Ÿ˜• HP[-3] MP[-2]
You take 3 damage, and now have 28/32 hp.
You lost 2 mp, and now have 7/12 mp.
You hit the scorpion. You bite the scorpion. You drain its power.
You feel invigorated.
The wall freezes the scorpion.
The scorpion stings you. ๐Ÿ˜• HP[-1]
You take 1 damage, and now have 27/32 hp.
You closely miss the scorpion.
The wall freezes the scorpion.
You kill the scorpion!
Your Ice Magic skill increases to level 5! ๐Ÿ˜• HP[+1]
The frozen ramparts melt away.
You see here a scorpion corpse.
Grinder comes into view. ๐Ÿ˜Ž HP[+4] MP[+5]
Your hp is fully restored (32).
Your mp is fully restored (12).
You see here a scorpion corpse.
You see here a +0 flail {mace}.
Things that are here:
a +0 dagger {short}; a goblin corpse
Found a stone staircase leading down.
A quokka comes into view.
The quokka misses you. The quokka bites you.
The quokka completely misses you. ๐Ÿ˜• HP[-1] MP[-1]
You take 1 damage, and now have 31/32 hp.
You lost 1 mp, and now have 11/12 mp.
You hit the quokka. The quokka bites you. ๐Ÿ˜• MP[-1]
You lost 1 mp, and now have 10/12 mp.
You hit the quokka.
You kill the quokka! ๐Ÿ˜Ž HP[+1]
Your hp is fully restored (32).
You see here a quokka corpse. ๐Ÿ˜Ž MP[+1]
You see here a quokka corpse. ๐Ÿ˜Ž MP[+1]
Your mp is fully restored (12).
E - 4 poisoned darts {throwing}
Found an escape hatch in the floor.
An ogre comes into view. It is wielding a +0 giant club.
You see here 10 gold pieces.
The ogre shouts!
You see here 10 gold pieces.
You now have 95 gold pieces (gained 10).
Casting: Frozen Ramparts (dangerous; 6% risk of failure)
Confirm with . or Enter, or press ? or * to list all spells.
Casting: Frozen Ramparts (dangerous; 6% risk of failure)
Press: ? - help, Dir - look around, f - activate The walls around you are covered in ice. ๐Ÿ˜Ž MP[-3]
You lost 3 mp, and now have 9/12 mp.
Casting: Frozen Ramparts (dangerous; 6% risk of failure)
Confirm with . or Enter, or press ? or * to list all spells.
A film of ice covers your body!
The wall freezes the ogre. ๐Ÿ˜Ž MP[-3]
You lost 3 mp, and now have 6/12 mp.
You barely miss the ogre.
The wall freezes the ogre.
The ogre hits you with a +0 giant club!!
Ouch! That really hurt!
* * * LOW HITPOINT WARNING * * *
๐Ÿ˜ฑ HP[-26] MP[-4]
You take 26 damage, and now have 6/32 hp.
MASSIVE DAMAGE!! (PAUSE)
You lost 4 mp, and now have 2/12 mp.
You barely miss the ogre.
The wall freezes the ogre.
The ogre hits you with a +0 giant club!
You die...

Skill      XL: |  1  2  3  4  5  6 |
---------------+-------------------+-----
Fighting       | 1 2 |  2.6
Dodging        | 2 |  2.9
Spellcasting   | 3 |  3.7
Evocations     | 1 |  1.5
Ice Magic      | 5 |  5.0
Stealth        | |  2.4

Action                   |  1- 3 |  4- 6 || total
-------------------------+-------+-------++-------
Melee: Unarmed           |     5 |       ||     5
       Club              |     3 |       ||     3
       Bite              |     9 |    12 ||    21
       Short sword       |    33 |    40 ||    73
 Cast: Freeze            |    25 |       ||    25
       Frozen Ramparts   |     2 |     6 ||     8
       Ozocubu's Armour  |       |     1 ||     1
Evoke: Wand              |       |     2 ||     2
 Stab: Sleeping          |     1 |     3 ||     4
       Paralysed         |       |     4 ||     4
Armor: Robe              |     9 |     5 ||    14
Dodge: Dodged            |    28 |    13 ||    41

Levels and vault maps discovered:
D:1:      reono_arrival_forest_river, layout_basic,
          hellmonk_ecumenical_altar_heavens_door, minmay_octomino_j4
D:2:      layout_loops_cross, basic_altar, serial_shops,
          nicolae_shop_hallway_plus, lightli_corner_chamber, uniq_robin
D:3:      layout_basic, kennysheep_donut, uniq_ijyb
D:4:      layout_loops_ring, uniq_sigmund, uniq_grinder

Notes
Turn   | Place    | Note
-------+----------+-------------------------------------------
     0 | D:1      | mcwallace the Vine Stalker Ice Elementalist began the quest
                  | for the Orb.
     0 | D:1      | Reached XP level 1. HP: 9/9 MP: 4/4
     0 | D:1      | magus.rc [v1.9.6]
   237 | D:1      | Reached XP level 2. HP: 14/14 MP: 3/6
  1093 | D:1      | Found a faded altar of an unknown god.
  1124 | D:2      | Noticed an ogre
  1139 | D:1      | Reached skill level 1 in Fighting
  1139 | D:1      | Reached skill level 2 in Dodging
  1139 | D:1      | Reached XP level 3. HP: 8/18 MP: 2/7
  1143 | D:1      | Learned a level 3 spell: Frozen Ramparts
  1147 | D:1      | Learned a level 3 spell: Ozocubu's Armour
  1521 | D:2      | Found Noss's Assorted Antiques.
  1949 | D:3      | You add the spells Tukima's Dance, Passage of Golubria and
                  | Yara's Violent Unravelling to your library.
  2059 | D:3      | Gained mutation: Your natural rate of healing is unusually
                  | fast. [Vine Stalker growth]
  2059 | D:3      | Reached XP level 4. HP: 17/22 MP: 9/9
  2487 | D:3      | Noticed Ijyb
  2490 | D:3      | Paralysed by Ijyb for 5 turns
  2495 | D:3      | Killed Ijyb
  2496 | D:3      | Reached skill level 3 in Spellcasting
  2875 | D:3      | Reached XP level 5. HP: 26/26 MP: 6/10
  3044 | D:4      | Reached skill level 2 in Fighting
  3070 | D:4      | Noticed Sigmund
  3077 | D:4      | Killed Sigmund
  3078 | D:4      | Reached skill level 1 in Evocations
  3078 | D:4      | Reached XP level 6. HP: 32/32 MP: 10/12
  3106 | D:4      | Reached skill level 5 in Ice Magic
  3153 | D:4      | Noticed Grinder
  3283 | D:4      | HP: 6/32 [ogre/+0 giant club (26)]
  3284 | D:4      | Mangled by an ogre

Vanquished Creatures
  Sigmund (D:4)
  A scorpion (D:4)
  Ijyb (D:3)
  3 gnolls (D:3)
  4 adders
  4 orcs (D:3)
  5 ball pythons
  3 endoplasms
  2 giant cockroaches
  6 goblins
  4 hobgoblins
  2 jackals (D:1)
  2 quokkas
  2 bats
  3 frilled lizards
  2 kobolds
  7 rats
52 creatures vanquished.

Table legend:
 A = Non-vault XP
 B = Vault XP
 C = Vault XP percentage of total XP
 D = Non-vault monster count
 E = Vault monster count
 F = Vault count percentage of total count
                 A         B        C        D         E       F
            +---------+---------+-------+---------+---------+-------
      Total |     247 |     269 |  52.1 |      48 |       4 |   7.7
            +---------+---------+-------+---------+---------+-------
        D:1 |      36 |       3 |   7.7 |      15 |       2 |  11.8
        D:2 |      27 |       0 |   0.0 |      10 |       0 |   0.0
        D:3 |      85 |      35 |  29.2 |      18 |       1 |   5.3
        D:4 |      99 |     231 |  70.0 |       5 |       1 |  16.7
            +---------+---------+-------+---------+---------+-------

Illustrated notes

Table legend:
 A = Kills in this place as a percentage of kills in entire the game.
 B = Kills by you in this place as a percentage of kills by you in the entire game.
 C = Kills by friends in this place as a percentage of kills by friends in the entire game.
 D = Other kills in this place as a percentage of other kills in the entire game.
 E = Experience gained in this place as a percentage of experience gained in the entire game.
 F = Experience gained in this place divided by the number of levels of this place that you have seen.
                   A       B       C       D       E      F
               +-------+-------+-------+-------+-------+----------------------
         Total | 100.0 | 100.0 |   N/A |   N/A | 100.0 | 129.0
       Dungeon | 100.0 | 100.0 |   N/A |   N/A | 100.0 | 129.0
               +-------+-------+-------+-------+-------+----------------------

Table legend: (Time is in decaauts)
 A = Elapsed time spent in this place.
 B = Non-inter-level travel time spent in this place.
 C = Inter-level travel time spent in this place.
 D = Time resting spent in this place.
 E = Time spent auto-exploring this place.
 F = Levels seen in this place.
 G = Mean time per level.
                   A        B        C        D        E       F      G
               +--------+--------+--------+--------+--------+-----+--------+
         Total |   3301 |   2913 |    388 |    108 |   2073 |   4 |  825.2 |
       Dungeon |   3301 |   2913 |    388 |    108 |   2073 |   4 |  825.2 |
               +--------+--------+--------+--------+--------+-----+--------+

Top non-repeatable levels by time:
     D:1: 1404 daAuts
     D:3: 1044 daAuts
     D:2: 550 daAuts
     D:4: 302 daAuts
